 Dungeon Crawl Stone Soup version 0.30.1-11-g7821555f0a (webtiles) character file.

Game seed: 14536621923829452878

76 HakonGodeson the Shield-Bearer (level 4, 0/44 HPs)
             Began as a Troll Fighter on Dec 11, 2023.
             Was a Plaything of Xom.
             Killed by divine providence
             ... invoked by an orc priest
              (14 damage)
             ... on level 4 of the Dungeon.
             The game lasted 00:05:16 (1869 turns).

HakonGodeson the Shield-Bearer (Troll Fighter)      Turns: 1869, Time: 00:05:17

Health: 0/44       AC:  4    Str: 24    XL:     4   Next: 12%
Magic:  3/3        EV:  9    Int: 10    God:    Xom [..*...]
Gold:   122        SH:  0    Dex: 11    Spells: 3/3 levels left

rFire   . .          .
                       - Unarmed
rCold   + . .        b - +0 kite shield
rNeg    . . .        a - +0 robe
rPois   .            (helmet restricted)
rElec   .            (no cloak)
rCorr   .            (gloves unavailable)
SInv    .            (boots unavailable)
Will    .....        (no amulet)
Stlth   +            g - +6 ring of intelligence
HPRegen 1.07/turn    i - ring of protection from cold
MPRegen 0.08/turn

%: no passive effects
@: confused, ambrosia-drunk
A: large, unfitting armour, claws 3, regeneration 1, shaggy fur 1, tough skin 1
a: Renounce Religion


You were on level 4 of the Dungeon.
You worshipped Xom.
You were a toy of Xom.
You visited 1 branch of the dungeon, and saw 4 of its levels.

You collected 122 gold pieces.

Inventory:

Armour
 a - a +0 robe (worn)
 b - a +0 kite shield (worn)
Jewellery
 g - a +6 ring of intelligence (left claw)
 i - a ring of protection from cold (right claw)
Scrolls
 k - a scroll of teleportation
 l - a scroll of enchant weapon {unknown}
Potions
 c - a potion of might
 d - 2 potions of lignification {unknown}
 e - 2 potions of cancellation {unknown}
 f - 4 potions of curing {unknown}
 h - a potion of ambrosia
 j - a potion of berserk rage {unknown}
 m - a potion of mutation {unknown}


   Skills:
 * Level 2.7 Fighting
 * Level 0.5 Armour
 * Level 2.8 Dodging
 * Level 0.2 Stealth
 * Level 3.1 Shields
 * Level 2.6 Unarmed Combat
 * Level 0.2 Spellcasting


You had 3 spell levels left.
You didn't know any spells.
Your spell library contained the following spells:

 Spells                   Type           Power      Damage    Failure   Level
 Magic Dart               Conj           0%         1d3       63%         1
 Call Imp                 Summ           0%         N/A       77%         2
 Mephitic Cloud           Conj/Pois/Air  0%         N/A       94%         3


Dungeon Overview and Level Annotations

Branches:
Dungeon (4/15)
 Temple: D:4-7

Altars:
Xom


Innate Abilities, Weirdness & Mutations

You are too large for most types of armour.
You have claws for hands.
Your natural rate of healing is unusually fast.
You are covered in fur. (AC +1)
You have tough skin. (AC +1)


Message History

The orc priest mumbles some strange prayers to Beogh against you.
Beogh smites you!
You scratch the orc priest.
The orc priest is severely wounded.
The orc hits you with a +0 flail.
The orc wizard hits you with a +0 dagger.
The orc priest hits you with a +0 short sword.
Things that are here:
a +0 falchion; 3 boomerangs You closely miss the orc.
The orc wizard hits you with a +0 dagger.
The orc hits you with a +0 flail!
The orc priest calls down the wrath of Beogh upon you.
Pain shoots through your body! You block the orc priest's attack.
The orc priest attacks as you move away!
The orc priest closely misses you.
The orc priest attacks as you move away!
The orc priest misses you.
The orc wizard attacks as you move away!
The orc wizard hits you with a +0 dagger.
The orc wizard mumbles some strange words.
The orc wizard flickers and vanishes!
Deactivating autopickup; reactivate with Ctrl-A.
The orc attacks as you move away! The orc barely misses you.
The orc priest looks encouraged for a moment.
Something hits you.
You claw something!
The orc priest mumbles some strange prayers to Beogh against you.
Beogh smites you!
* * * LOW HITPOINT WARNING * * *
You are confused.
You feel invigorated. Something hits you.
* * * LOW HITPOINT WARNING * * *
Something hits you but does no damage.
You closely miss the orc. Something hits you. The orc barely misses you.
The orc priest invokes the aid of Beogh against you.
Beogh smites you!
You die...
Xom roars with laughter!

... ... # ... . #.#
.#... ####.##.#..#
#.##.......#
##########.##....#
...........##)##.#
.........@ooo....#.#.
..........###........
#....<..#..).......
#######.#.#########
#...#
.>.).............
......###......."
...... ###......
..... .###.#


You could see an orc priest and 2 orcs.

Vanquished Creatures
  An adder (D:3)
  3 worms
  A dart slug (D:3)
  2 orcs
  2 ball pythons (D:1)
  2 endoplasms (D:2)
  A giant cockroach (D:2)
  7 goblins
  7 hobgoblins
  7 jackals
  5 kobolds
  A quokka (D:2)
  5 bats
  4 frilled lizards
  4 rats
52 creatures vanquished.

Notes
Turn   | Place    | Note
-------+----------+-------------------------------------------
     0 | D:1      | HakonGodeson the Troll Fighter began the quest for the Orb.
     0 | D:1      | Reached XP level 1. HP: 22/22 MP: 0/0
   266 | D:1      | Reached XP level 2. HP: 29/29 MP: 1/1
   285 | D:2      | Reached skill level 3 in Shields
   429 | D:2      | Found a faded altar of an unknown god.
   450 | D:2      | Prayed at the altar of an unknown god.
   450 | D:2      | Became a worshipper of Xom the Elder Chaos God
   530 | D:2      | Reached XP level 3. HP: 36/36 MP: 2/2
   890 | D:1      | XOM: silly message
  1057 | D:1      | XOM: god gift: trident {god gift}
  1191 | D:1      | XOM: divination: detect creatures
  1710 | D:3      | Reached XP level 4. HP: 38/44 MP: 3/3
  1724 | D:3      | XOM: cloud trail
  1866 | D:4      | HP: 2/44 [orc priest/divine providence (15)]
  1869 | D:4      | Killed from afar by an orc priest

Illustrated notes

Levels and vault maps discovered:
D:1:      giann_forest_graveyard, layout_loops_ring
D:2:      layout_rooms, ebering_ecumenical_altar_petrified
D:3:      layout_rooms
D:4:      layout_basic, nicolae_overflow_crystal_walls,
          mainiacjoe_overflow_large_starburst

Skill      XL: |  1  2 |
---------------+-------+-----
Shields        | 3 |  3.1
Fighting       | |  2.7
Armour         | |  0.5
Dodging        | |  2.8
Stealth        | |  0.2
Unarmed Combat | |  2.6
Spellcasting   | |  0.2

Action                     |  1- 3 |  4- 6 || total
---------------------------+-------+-------++-------
  Melee: Unarmed           |   153 |     9 ||   162
    Use: Scroll            |     3 |       ||     3
         Potion            |       |     1 ||     1
 Armour: Robe              |    42 |     2 ||    44
  Dodge: Dodged            |    56 |     4 ||    60
  Block: Kite shield       |    58 |     4 ||    62
